Map: Orbital Shipyard

Players

Steisjo - Winner!

  • Race: Protoss Protoss
  • League: Gold

Nice

  • Race: Protoss Protoss

Event: DreamHack ZOWIE Open Leipzig

VOD

Have the link to the VOD?

Description

Time

  • Played on: Jan. 22, 2016, 10:54 a.m.
  • Length: 10:44

All games in this series

Show
View Real Time Build Order
Export as new Build Order

Steisjo Protoss - Winner!

Build Orders: 1 Gate Expand 

Get SALT Encoding   

  12  0:01  Probe (Chrono Boost)  
  13  0:12  Probe (Chrono Boost)  
  14  0:18  Pylon  
  14  0:22  Probe (Chrono Boost)  
  15  0:37  Probe (Chrono Boost), Gateway  
  16  0:47  Probe (Chrono Boost)  
  16  0:48  Assimilator  
  17  0:58  Probe (Chrono Boost)  
  18  1:08  Probe (Chrono Boost)  
  19  1:19  Nexus  
  19  1:30  Cybernetics Core  
  19  1:33  Probe (Chrono Boost)  
  20  1:40  Assimilator  
  20  1:44  Probe (Chrono Boost)  
  21  1:51  Pylon  
  21  1:54  Probe (Chrono Boost)  
  22  2:05  Probe (Chrono Boost)  
  23  2:08  Warp Gate  
  23  2:09  Stalker (Chrono Boost)  
  25  2:15  Probe  
  26  2:28  Mothership Core  
  26  2:29  Gateway  
  28  2:36  Stalker (Chrono Boost)  
  30  2:38  Probe  
  31  2:48  Probe  
  31  2:49  Probe  
  33  2:53  Pylon  
  34  3:06  Probe  
  34  3:08  Stalker (Chrono Boost)  
  36  3:19  Probe  
  37  3:21  Robotics Facility  
  37  3:24  Probe  
  38  3:31  Probe (Chrono Boost)  
  39  3:35  Probe (Chrono Boost)  
  39  3:36  Sentry (Chrono Boost)  
  39  3:38  Pylon  
  42  3:43  Probe (Chrono Boost)  
  42  3:47  Probe (Chrono Boost)  
  44  3:54  Probe (Chrono Boost)  
  45  3:58  Probe (Chrono Boost)  
  45  4:00  Gateway  
  46  4:04  Probe (Chrono Boost)  
  46  4:07  Probe (Chrono Boost)  
  48  4:10  Pylon  
  48  4:11  Observer (Chrono Boost)  
  49  4:21  Probe  
  49  4:25  Probe  
  49  4:28  Pylon  
  50  4:33  Sentry, Immortal (Chrono Boost), Stalker  
  50  4:35  Probe  
  59  4:38  Pylon  
  59  4:39  Probe  
  59  4:44  Pylon  
  51  5:00  Adept x3  
  53  5:09  Immortal (Chrono Boost)  
  57  5:20  Adept x3  
  57  5:22  Probe  
  57  5:23  Probe  
  59  5:33  Probe  
  60  5:35  Probe  
  60  5:42  Warp Prism (Chrono Boost)  
  63  5:43  Probe (Chrono Boost)  
  63  5:48  Probe (Chrono Boost)  
  65  5:54  Twilight Council  
  65  5:55  Probe (Chrono Boost)  
  66  5:59  Sentry, Probe (Chrono Boost)  
  66  6:00  Adept  
  71  6:04  Probe  
  71  6:11  Probe, Assimilator  
  73  6:12  Pylon  
  73  6:15  Probe, Pylon  
  74  6:21  Immortal (Chrono Boost)  
  74  6:24  Blink (Chrono Boost)  
  78  6:26  Pylon  
  78  6:27  Probe (Chrono Boost)  
  75  6:34  Probe (Chrono Boost)  
  75  6:38  Probe (Chrono Boost)  
  77  6:44  Stalker  
  80  6:48  Probe (Chrono Boost)  
  80  6:53  Stalker  
  82  6:55  Probe (Chrono Boost)  
  82  7:01  Adept, Assimilator  
  85  7:19  Pylon  
  85  7:20  Pylon  
  83  7:24  Immortal  
  83  7:26  Probe (Chrono Boost)  
  86  7:37  Probe (Chrono Boost)  
  85  7:41  Probe (Chrono Boost)  
  85  7:42  Stalker x2  
  90  7:49  Probe (Chrono Boost)  
  91  7:51  Probe (Chrono Boost)  
  91  7:55  Stalker  
  94  8:02  Gateway x2  
  94  8:07  Forge  
  94  8:08  Stalker x2  
  94  8:10  Gateway  
  94  8:12  Gateway, Pylon  
  98  8:25  Observer (Chrono Boost)  
  98  8:26  Probe  
  100  8:27  Nexus  
  100  8:30  Pylon  
  100  8:40  Pylon, Photon Cannon  
  100  8:43  Photon Cannon  
  98  8:49  Sentry x3  
  104  8:59  Probe  
  105  9:05  Probe, Robotics Bay  
  106  9:17  Stalker x2  
  110  9:20  Stalker, Photon Cannon  
  110  9:23  Probe  
  113  9:30  Probe  
  114  9:35  Probe  
  115  9:39  Probe  
  115  9:44  Robotics Facility  
  116  9:47  Pylon  
  116  9:49  Adept x4  
  125  9:53  Disruptor (Chrono Boost)  
  127  10:07  Probe  
  127  10:09  Pylon  
  127  10:11  Pylon  
  128  10:14  Stalker x4  
  139  10:39  Stalker x4  
  139  10:40  Stalker x2  
Show
View Real Time Build Order
Export as new Build Order

Nice Protoss 

Build Orders:  

Get SALT Encoding   

  12  0:01  Probe (Chrono Boost)  
  13  0:11  Probe (Chrono Boost)  
  14  0:21  Pylon  
  14  0:22  Probe (Chrono Boost)  
  15  0:39  Gateway, Probe (Chrono Boost)  
  16  0:50  Probe (Chrono Boost)  
  16  0:51  Assimilator  
  16  0:56  Assimilator  
  17  1:00  Probe (Chrono Boost)  
  18  1:05  Gateway  
  19  1:11  Probe (Chrono Boost)  
  19  1:24  Probe (Chrono Boost), Pylon  
  20  1:31  Cybernetics Core  
  20  1:35  Probe (Chrono Boost)  
  21  1:45  Probe (Chrono Boost)  
  22  1:56  Probe (Chrono Boost)  
  23  2:08  Adept x2 (Chrono Boost)  
  27  2:09  Warp Gate (Chrono Boost)  
  27  2:17  Pylon  
  27  2:34  Stalker  
  27  2:35  Stalker  
  27  2:36  Robotics Facility  
  31  3:06  Pylon  
  31  3:09  Gateway  
  31  3:23  Immortal (Chrono Boost)  
  33  3:27  Gateway  
  33  3:58  Warp Prism (Chrono Boost)  
  35  4:04  Stalker  
  35  4:05  Stalker  
  35  4:08  Stalker  
  39  4:31  Pylon  
  39  4:44  Adept x3  
  39  4:45  Adept  
  47  4:50  Immortal (Chrono Boost)  
  49  5:06  Stalker, Adept x2  
  51  5:08  Sentry  
  39  5:25  Immortal (Chrono Boost)  
  41  5:31  Probe  
  42  5:39  Sentry x2, Zealot  
  48  6:02  Observer (Chrono Boost)  
  49  6:10  Probe  
  49  6:11  Nexus  
  50  6:20  Sentry, Zealot  
  50  6:23  Probe  
  55  6:47  Pylon x2  
  55  6:59  Twilight Council  
  55  7:05  Probe (Chrono Boost)  
  56  7:11  Adept x3  
  61  7:16  Adept  
  61  7:17  Mothership Core (Chrono Boost)  
  63  7:23  Probe (Chrono Boost)  
  63  7:34  Probe (Chrono Boost)  
  63  7:35  Probe (Chrono Boost)  
  62  7:39  Blink (Chrono Boost)  
  62  7:44  Probe (Chrono Boost)  
  62  7:46  Probe (Chrono Boost)  
  60  7:54  Warp Prism  
  60  7:55  Probe (Chrono Boost)  
  60  7:56  Probe (Chrono Boost)  
  65  8:05  Probe (Chrono Boost)  
  65  8:06  Pylon  
  65  8:07  Probe (Chrono Boost)  
  66  8:16  Probe (Chrono Boost)  
  66  8:17  Probe (Chrono Boost)  
  68  8:26  Probe (Chrono Boost)  
  69  8:28  Probe (Chrono Boost), Forge  
  69  8:30  Observer  
  71  8:37  Probe (Chrono Boost)  
  71  8:38  Probe (Chrono Boost)  
  73  8:41  Adept x2  
  77  8:50  Probe (Chrono Boost)  
  77  8:52  Assimilator  
  77  8:53  Assimilator  
  77  8:54  Observer  
  78  8:55  Probe (Chrono Boost)  
  78  9:04  Pylon x2  
  78  9:20  Probe  
  78  9:22  Probe  
  80  9:25  Pylon  
  80  9:27  Pylon  
  80  9:29  Pylon  
  74  9:32  Warp Prism  
  74  9:34  Probe  
  74  9:35  Stalker  
  79  9:40  Stalker  
  79  9:42  Probe  
  82  10:06  Stalker x2  
  82  10:07  Stalker x2  
  88  10:12  Gateway  
  90  10:16  Gateway  
  90  10:18  Pylon  
  90  10:21  Pylon  

Tags
 
Add a new tag
Caveats
  • Supply blocks, unpowered buildings, or Contaminate may cause inaccurate times.
  • Supply counts are checked every 10 seconds.